 Dungeon Sprint DCSS version 0.28.0-43-g3370ac3207 (webtiles) character file.

Game seed: 10448610934366573660

9559 Baz the Warrior (level 11, -4/100 HPs)
             Began as a Djinni Fire Elementalist on Mar 18, 2022.
             Was the Champion of Makhleb.
             Slain by a tyrant leech (30 damage)
             ... in the Dungeon (Sprint III: "The Ten Rune Challenge").
             The game lasted 00:12:40 (2585 turns).

Baz the Warrior (Djinni Fire Elementalist)          Turns: 2585, Time: 00:12:41

Health: -4/100     AC:  4    Str:  7    XL:     11   Next: 76%
Gold:   1874       EV: 16    Int: 22    God:    Makhleb [******] SH:  0 Dex: 13

rFire   + + +      SeeInvis .   m - +1 long sword (holy)
rCold   x . .      Faith    .   (no shield)
rNeg    . . .      Spirit   .   n - +2 robe {rF+}
rPois   ∞          Reflect  .   (no helmet)
rElec   .          Harm     .   (no cloak)
rCorr   .          Rampage  .   (no gloves)
Will    +....      NoTele   +   (boots unavailable)
Stlth   ++........              (no amulet)
HPRegen 0.26/turn               (no ring)
MPRegen 0.00/turn               (no ring)

@: flying
A: sickness immunity, fire resistance 2, cold vulnerability 1, float, innate
caster, HP casting, extra vitality 1
a: Renounce Religion, Minor Destruction, Lesser Servant of Makhleb, Major
Destruction, Greater Servant of Makhleb


You were in the Dungeon.
You worshipped Makhleb.
Makhleb was exalted by your worship.
You visited 1 branch You collected 1874 gold pieces.

Inventory:

Hand Weapons
 m - a +1 long sword of holy wrath (weapon)
Missiles
 g - 3 javelins
Armour
 a - a +0 robe
 n - a +2 robe of fire resistance (worn)
Scrolls
 f - a scroll of blinking
 i - a scroll of immolation {unknown}
 j - 4 scrolls of identify
 k - a scroll of holy word {unknown}
Potions
 b - 5 potions of curing
 d - a potion of haste
 e - 3 potions of berserk rage
 h - 3 potions of mutation {unknown}
 l - a potion of might


   Skills:
 * Level 17.5 Fighting
 + Level 9.8 Armour
 - Level 9.2 Dodging
 - Level 1.5 Stealth
 * Level 14.0 Spellcasting


You had 12 spell levels left.
You knew the following spells:

 Your Spells              Type           Power      Damage    Failure   Level
a - Foxfire               Conj/Fire      100%       2x1d9     0%          1
b - Scorch                Fire           100%       2d10      1%          2
c - Conjure Flame         Conj/Fire      67%        6-21      1%          3
d - Inner Flame           Hex/Fire       67%        N/A       1%          3
e - Flame Wave            Conj/Fire      67%        2d12      1%          4
f - Magic Dart            Conj           100%       1d8       0%          1
g - Blink                 Tloc           100%       N/A       1%          2
h - Frozen Ramparts       Ice            100%       1d12      1%          3
i - Stone Arrow           Conj/Erth      100%       3d13      1%          3
j - Animate Dead          Necr           33%        N/A       1%          4
Your spell library was empty.

Dungeon Overview and Level Annotations

Branches:
Dungeon (1/1)

Altars:
Cheibriados
Dithmenos
Elyvilon
Fedhas
Gozag
Hepliaklqana
Kikubaaqudgha
Makhleb
Nemelex Xobeh
Okawaru
Qazlal
Ru
Sif Muna
Trog
Uskayaw
Vehumet
Wu Jian
Xom
Yredelemnul
Zin
The Shining One
Beogh
Jiyva
Lugonu

Shops:
D :


Innate Abilities, Weirdness & Mutations

You are immune to sickness and miasma.
You are immune to poison.
Your flesh is very heat resistant. (rF++)
You are vulnerable to cold. (rC-)
You float through the air rather than walking.
You learn spells naturally, not from books.
Your magical power is your life essence.
You have superior vitality. (+4 MHP)


Message History

Urug throws a javelin.
The javelin pierces through you!!
* * * LOW HITPOINT WARNING * * *
Unknown command.
A wave of flame ripples out!
The flame wave engulfs the tyrant leech.
The tyrant leech is burned terribly!
The tyrant leech is lightly wounded.
The flame wave engulfs Urug!
Urug is burned terribly!
You kill Urug!
Makhleb accepts your kill.
You feel better. The tyrant leech bites you.
Your Spellcasting skill increases to level 14!
Unknown command.
A wave of flame ripples out!
The flame wave engulfs the tyrant leech!
The tyrant leech is burned terribly!
The tyrant leech is moderately wounded.
* * * LOW HITPOINT WARNING * * *
You finish channelling waves of flame.
The tyrant leech is no longer more vulnerable to fire.
The tyrant leech bites you.
* * * LOW HITPOINT WARNING * * *
The forest fire spreads!
Unknown command.
Unknown command.
Unknown command.
Casting: Flame Wave (safe; 1% risk of failure)
Confirm with . or Enter, or press ? or * to list all spells.
Flames lash the tyrant leech.
The tyrant leech is heavily wounded.
The tyrant leech's fire resistance burns away.
* * * LOW HITPOINT WARNING * * *
A tyrant leech comes into view.
Casting: Scorch (safe; 1% risk of failure)
Confirm with . or Enter, or press ? or * to list all spells.
Flames lash the tyrant leech.
The tyrant leech is burned terribly!
The tyrant leech is heavily wounded.
* * * LOW HITPOINT WARNING * * *
The tyrant leech bites you!!
You die...

≈....#.⌠.#__#...#'###############
.....#...#__#...#ZZ)Z≈'.#.Z...'.#
.....#'###__#...#)#§Z≈#.#.#...##.
.....#.).#_v#...'.#§§§#.#.#...#.#
.....#___#__+...#.#§§§#..)#...##.
▓▓▓▓▓▓▓▓▓▓▓▓▓▓▓▓▓▓▓▓▓▓▓▓▓▓▓▓▓▓#.#
♣...≈≈≈.)......≈≈))..##.
+..'.§≈≈≈≈≈≈≈≈≈≈≈♣♣P.'Z#
#.≈...w@......♣.♣♣♣PP##.
#..............♣ ♣♣♣##+
###+..........♣♣♣♣♣
♣.§§##.)##÷≈≈≈≈≈..#
♣.§.##.##.#≈≈≈≈≈...# ♣♣w##.#
##+≈≈≈≈≈####+# ♣. #. #≈≈......○°#
♣ # #≈..+####### ####...#


You could see 2 tyrant leeches.

Vanquished Creatures
  2 hydras (D)
  Erica (D)
  A centaur warrior (D)
  2 orc high priests (D)
  Urug (D)
  A death drake (D)
  A lindwurm (D)
  2 orc sorcerers (D)
  A deep elf pyromancer (D)
  2 cane toads (D)
  An unseen horror (D)
  A komodo dragon (D)
  3 wandering mushrooms (D)
  A shadow (D)
  3 redbacks (D)
  An orc warrior (D)
  A necrophage (D)
  2 centaurs (D)
  An earth elemental (D)
  A scorpion (D)
  A water elemental (D)
  An electric eel (D)
  A jelly (D)
  3 orc priests (D)
  A wizard (D)
  Jessica (D)
  2 orc wizards (D)
  A necromancer (D)
  3 humans (D)
  A kobold demonologist (D)
  8 orcs (D)
  3 rats (D)
55 creatures vanquished.

Vanquished Creatures (others)
  53 foxfires (D)
  A plant (D)
54 creatures vanquished.

Grand Total: 109 creatures vanquished

Notes
Turn   | Place    | Note
-------+----------+-------------------------------------------
     0 | D        | Baz the Djinni Fire Elementalist began the quest for the
                  | Orb.
     0 | D        | Reached XP level 1. HP: 15/15 MP: 0/0
     6 | D        | Reached skill level 1 in Fighting
   186 | D        | Noticed Jessica
   195 | D        | Killed Jessica
   196 | D        | Reached skill level 3 in Fighting
   196 | D        | Reached XP level 2. HP: 18/25 MP: 0/0
   196 | D        | Reached XP level 3. HP: 22/30 MP: 0/0
   196 | D        | Learned a level 1 spell: Magic Dart
   289 | D        | Reached skill level 4 in Fighting
   393 | D        | Noticed a scorpion
   400 | D        | Killed a scorpion
   401 | D        | Reached skill level 5 in Fighting
   401 | D        | Reached skill level 5 in Spellcasting
   401 | D        | Reached XP level 4. HP: 30/39 MP: 0/0
   401 | D        | Reached XP level 5. HP: 33/44 MP: 0/0
   401 | D        | Learned a level 2 spell: Blink
   541 | D        | Noticed a water elemental
   545 | D        | Killed a water elemental
   546 | D        | Reached skill level 6 in Fighting
   546 | D        | Reached skill level 5 in Dodging
   601 | D        | Reached skill level 7 in Fighting
   601 | D        | Reached XP level 6. HP: 50/53 MP: 0/0
   656 | D        | Found a basalt altar of Yredelemnul.
   656 | D        | Found a shadowy altar of Dithmenos.
   656 | D        | Found a sacrificial altar of Ru.
   656 | D        | Noticed a necrophage
   660 | D        | Killed a necrophage
   661 | D        | Reached skill level 8 in Fighting
   700 | D        | Noticed a shadow
   704 | D        | Killed a shadow
   705 | D        | Reached skill level 9 in Fighting
   705 | D        | Reached XP level 7. HP: 50/61 MP: 0/0
   705 | D        | Learned a level 3 spell: Frozen Ramparts
   763 | D        | Found a blossoming altar of Fedhas.
   763 | D        | Found a stormy altar of Qazlal.
   763 | D        | Found a snail-covered altar of Cheibriados.
   763 | D        | Found a burning altar of Makhleb.
   763 | D        | Found a shimmering altar of Xom.
   763 | D        | Noticed a spatial vortex
   766 | D        | Found a hazy altar of Hepliaklqana.
   766 | D        | Found an opulent altar of Gozag.
   766 | D        | Found a sparkling altar of Nemelex Xobeh.
   766 | D        | Found a corrupted altar of Lugonu.
   766 | D        | Found a viscous altar of Jiyva.
   769 | D        | Became a worshipper of Makhleb the Destroyer
   826 | D        | Found a hide-covered altar of Uskayaw.
   826 | D        | Found an iron altar of Okawaru.
   826 | D        | Found a bloodstained altar of Trog.
   826 | D        | Found an ornate altar of the Wu Jian Council.
   826 | D        | Noticed a human
   830 | D        | Noticed a human
   832 | D        | Killed a human
   833 | D        | Reached skill level 10 in Fighting
   835 | D        | Killed a human
   836 | D        | Reached XP level 8. HP: 50/70 MP: 0/0
   928 | D        | Found a glowing silver altar of Zin.
   928 | D        | Found a glowing golden altar of the Shining One.
   928 | D        | Found a white marble altar of Elyvilon.
   928 | D        | Noticed a deep elf pyromancer
   931 | D        | Killed a deep elf pyromancer
   931 | D        | Reached * piety under Makhleb
   932 | D        | Reached skill level 11 in Fighting
   979 | D        | Noticed Erica
   984 | D        | Killed Erica
   985 | D        | Reached skill level 12 in Fighting
   985 | D        | Reached skill level 10 in Spellcasting
   985 | D        | Reached XP level 9. HP: 66/78 MP: 0/0
   985 | D        | Learned a level 3 spell: Stone Arrow
  1107 | D        | Noticed a centaur warrior
  1116 | D        | Killed a centaur warrior
  1116 | D        | Reached ** piety under Makhleb
  1117 | D        | Reached skill level 13 in Fighting
  1285 | D        | Reached skill level 5 in Armour
  1562 | D        | Killed an unseen horror
  1563 | D        | Reached XP level 10. HP: 63/87 MP: 0/0
  1701 | D        | Noticed an orc high priest
  1701 | D        | Noticed an orc high priest
  1703 | D        | Noticed a sixfirhy
  1704 | D        | Noticed a soul eater
  1706 | D        | Reached *** piety under Makhleb
  1710 | D        | Killed an orc high priest
  1711 | D        | Reached skill level 14 in Fighting
  1712 | D        | Killed an orc high priest
  1714 | D        | Reached **** piety under Makhleb
  1715 | D        | Noticed an orc sorcerer
  1718 | D        | Killed an orc sorcerer
  1718 | D        | Reached ***** piety under Makhleb
  1718 | D        | Killed an orc sorcerer
  1719 | D        | Reached skill level 15 in Fighting
  1885 | D        | Found Caamp's Book Emporium.
  1992 | D        | Reached XP level 11. HP: 86/97 MP: 0/0
  1992 | D        | Learned a level 4 spell: Animate Dead
  2134 | D        | Reached ****** piety under Makhleb
  2136 | D        | Reached skill level 16 in Fighting
  2138 | D        | Noticed a lindwurm
  2142 | D        | Killed a lindwurm
  2325 | D        | Noticed an eight-headed hydra
  2325 | D        | Noticed an eight-headed hydra
  2332 | D        | Killed an eight-headed hydra
  2336 | D        | Killed an eight-headed hydra
  2337 | D        | Reached skill level 17 in Fighting
  2513 | D        | Noticed a death drake
  2518 | D        | Killed a death drake
  2570 | D        | Noticed Urug
  2580 | D        | Killed Urug
  2585 | D        | Slain by a tyrant leech

Illustrated notes

Levels and vault maps discovered:
D:        dungeon_sprint_mu [sprint_mu_entry_forest, sprint_mu_temple_rooms,
          sprint_mu_d1_horrors, sprint_mu_d2_genie, sprint_mu_d3_branching,
          sprint_mu_orc_legion, sprint_mu_elf_gauntlet, sprint_mu_hive_nellie,
          sprint_mu_lair_fedhas, sprint_mu_vaults_butterflies,
          sprint_mu_slime_circle, sprint_mu_swamp_cave, sprint_mu_shoals_archi,
          sprint_mu_blade_basic, sprint_mu_crypt_chambers,
          sprint_mu_tomb_spiral, sprint_mu_vestibule_basic,
          sprint_mu_gehenna_hellfire, sprint_mu_dis_giant,
          sprint_mu_tartarus_statrot, sprint_mu_cocytus_islands, sprint_mu_zot1]

Skill      XL: |  1  2  3  4  5  6  7  8  9 10 11 |
---------------+----------------------------------+-----
Fighting       | 3 5 7 9 10 12 13 15 17 | 17.5
Dodging        | 3 4 5 7 8 9 |  9.2
Spellcasting   | 3 5 6 7 8 10 11 12 14 | 14.0
Armour         | 3 5 8 9 |  9.8
Stealth        | |  1.5

Action                   |  1- 3 |  4- 6 |  7- 9 | 10-12 || total
-------------------------+-------+-------+-------+-------++-------
 Cast: Foxfire           |    21 |     6 |     5 |       ||    32
       Scorch            |     2 |    13 |    24 |    27 ||    66
       Flame Wave        |       |       |     1 |    11 ||    12
       Stone Arrow       |       |       |     4 |     4 ||     8
       Frozen Ramparts   |       |       |       |     3 ||     3
       Blink             |       |       |       |     1 ||     1
       Animate Dead      |       |       |       |     1 ||     1
  Use: Potion            |       |       |       |     1 ||     1
Armor: Robe              |       |       |       |     5 ||     5
Dodge: Dodged            |       |     1 |    14 |    20 ||    35
